 Dungeon Crawl Stone Soup version 0.21.1-1-g345015f (webtiles) character file.

2100 theblackcape the Grappler (level 9, -4/74 HPs)
             Began as a Ghoul Chaos Knight on June 9, 2018.
             Slain by Duvessa
             ... wielding a +0 short sword
              (10 damage)
             ... on level 6 of the Dungeon.
             The game lasted 00:41:37 (5529 turns).

theblackcape the Grappler (Ghoul Chaos Knight)      Turns: 5529, Time: 00:41:38

Health: -4/74      AC:  6    Str: 16    XL:     9   Next: 28%
Magic:  8/8        EV: 14    Int:  7    God:    Xom [.*....]
Gold:   580        SH:  0    Dex: 14    Spells: 6/8 levels left

rFire    + . .     SeeInvis .     - Unarmed
rCold    + . .     Gourm    .   (no shield)
rNeg     + + +     Faith    .   v - +2 leather armour {rC+}
rPois    ∞         Spirit   .   (no helmet)
rElec    +         Reflect  .   (no cloak)
rCorr    .         Harm     .   x - +0 pair of gloves "Fadgh" {Dex+3}
MR       +....                  (no boots)
Stlth    +.........             (no amulet)
HPRegen  0.00/turn              A - ring of protection from magic
MPRegen  0.11/turn              y - ring of Xom's Regard {Fire +Inv rElec rN+}

@: rotting
A: rotting body, claws 1, carnivore, cold resistance 1, negative energy
resistance 3, inhibited regeneration, torment resistance, unbreathing
a: Renounce Religion, Evoke Invisibility


You were on level 6 of the Dungeon.
You worshipped Xom.
You were a plaything of Xom.
You were not hungry.

You visited 2 branches of the dungeon, and saw 7 of its levels.
You also visited: Ossuary.

You collected 580 gold pieces.

Inventory:

Hand Weapons
 p - a +3 quarterstaff of chaos
Armour
 f - a +1 ring mail
 v - a +2 leather armour of cold resistance (worn)
 x - the +0 pair of gloves "Fadgh" (worn) {Dex+3}
   (Xom gifted it to you on level 3 of the Dungeon)

   It affects your dexterity (+3).
Jewellery
 s - an uncursed ring of teleportation
 y - the ring of Xom's Regard (right hand) {Fire +Inv rElec rN+}
   (Xom gifted it to you on level 3 of the Dungeon)

   [ring of fire]

   It enhances your fire magic.
   It protects you from fire.
   It makes you vulnerable to cold.
   It insulates you from electricity.
   It protects you from negative energy.
   It lets you turn invisible.
 A - a ring of protection from magic (left hand)
Wands
 u - a wand of polymorph (13)
 B - a wand of enslavement (7)
Scrolls
 c - 2 scrolls of remove curse
 h - 7 scrolls of identify
 j - 3 scrolls of teleportation {unknown}
 k - 3 scrolls of enchant armour
 m - a scroll of noise {unknown}
 o - a scroll of amnesia {unknown}
 r - a scroll of fear {unknown}
 w - a scroll of fog {unknown}
Potions
 a - a potion of ambrosia {unknown}
 e - a potion of degeneration {unknown}
 g - 3 potions of agility {unknown}
 i - 4 potions of lignification {unknown}
 l - a potion of cancellation {unknown}
 n - 3 potions of curing {unknown}
 q - a potion of resistance {unknown}
 t - a potion of mutation {unknown}
Books
 d - a book of Necromancy

   Spells                             Type                      Level
   a - Pain                           Necromancy                   1
   b - Animate Skeleton               Necromancy                   1
   c - Vampiric Draining              Necromancy                   3
   d - Regeneration                   Charms/Necromancy            3
   e - Animate Dead                   Necromancy                   4
   f - Borgnjor's Vile Clutch         Necromancy/Earth             5
 z - a book of Changes

   Spells                             Type                      Level
   a - Beastly Appendage              Transmutation                1
   b - Sticks to Snakes               Transmutation                2
   c - Spider Form                    Transmutation/Poison         3
   d - Ice Form                       Ice/Transmutation            4
   e - Blade Hands                    Transmutation                5
 C - a book of Battle

   Spells                             Type                      Level
   a - Infusion                       Charms                       1
   b - Shroud of Golubria             Charms/Translocation         2
   c - Song of Slaying                Charms                       2
   d - Spectral Weapon                Hexes/Charms                 3
   e - Regeneration                   Charms/Necromancy            3
Comestibles
 b - 8 rations
 D - 2 chunks of flesh


   Skills:
 + Level 5.1 Fighting
 + Level 4.3 Armour
 + Level 4.2 Dodging
 - Level 0.6 Stealth
 + Level 10.2 Unarmed Combat
 + Level 2.3 Necromancy


You had 6 spell levels left.
You knew the following spells:

 Your Spells              Type           Power        Failure   Level  Hunger
a - Animate Skeleton      Necr           N/A          22%         1    ##.....
b - Pain                  Necr           #...         22%         1    ##.....


Dungeon Overview and Level Annotations

Branches:
Dungeon (6/15)             Temple (1/1) D:5

Altars:
Ashenzari
Cheibriados
Dithmenos
Elyvilon
Fedhas
Gozag
Hepliaklqana
Kikubaaqudgha
Makhleb
Nemelex Xobeh
Okawaru
Qazlal
Ru
Sif Muna
Trog
Uskayaw
Vehumet
Wu Jian
Xom
Yredelemnul
Zin
The Shining One

Annotations:
D:6 Duvessa


Innate Abilities, Weirdness & Mutations

Your body is rotting away.
You thrive on raw meat.
You are immune to poison.
You have sharp fingernails.
You are carnivorous and can eat meat at any time.
Your flesh is cold resistant. (rC+)
You are immune to negative energy. (rN+++)
You do not regenerate when monsters are visible.
You are immune to unholy pain and torment.
You can survive without breathing.


Message History

You closely miss Dowan.
Dowan is almost dead.
Something hits you but does no damage. Dowan hits you but does no damage.
You closely miss Dowan. Your punch misses Dowan.
Dowan is almost dead.
Something hits you.
You punch Dowan!
You kill Dowan!
Something shouts wrathfully, "No!"
Something completely misses you. Something hits you! x2
Items here: ) / [ † a dagger; a robe; a wand of random effects (26); the elf corpse of Dowan Something hits you!
You hit something. Something hits you!
* * * LOW HITPOINT WARNING * * *
You closely miss something. Something hits you!
* * * LOW HITPOINT WARNING * * *
Something hits you!
You die...

### # #.##### #. #.....#
##.# ########.###.# .....
.........###.#
.#.#.##########..#...####
.......#@{...............
#...#)###########.##..
...#.....# ..........##.#
.........# ########..##.#
?......#.# ######...##.#
.###+#.#... .........##.#
.[....#######...##..
..#########.......#.. ...
....#.......


There were no monsters in sight!

Vanquished Creatures
  Pikel (D:4)
  The ghost of Ramesses the Stinger, an amateur MfVM of Sif Muna (D:5)
  Grinder (D:6)
  Sigmund (D:2)
  An ice beast (D:4)
  An ogre (D:4)
  A scorpion (D:6)
  Dowan (D:6)
  3 crimson imps (D:6)
  3 orc priests (D:3)
  2 hounds
  An orc wizard (D:4)
  Crazy Yiuf (D:2)
  Jessica (D:2)
  An iguana (D:4)
  Ijyb (D:3)
  Natasha (thrice) (D:2)
  2 worker ants (D:4)
  A big kobold zombie (Ossuary)
  2 mummies (Ossuary)
  2 hound skeletons
  8 gnolls
  A howler monkey skeleton (D:4)
  7 adders
  A river rat (D:6)
  A shadow imp (D:6)
  2 oozes
  An adder skeleton (D:4)
  2 worms
  2 dart slugs (D:2)
  3 leopard geckos
  13 orcs
  A ball python (D:3)
  13 bats
  5 giant cockroaches
  3 gnoll zombies (Ossuary)
  5 goblins
  12 hobgoblins
  12 jackals
  A quokka (D:2)
  2 frilled lizards
  A goblin zombie (Ossuary)
  4 hobgoblin zombies (Ossuary)
  A jackal skeleton (D:5)
  9 kobolds
  A leopard gecko zombie (D:5)
  5 orc zombies (Ossuary)
  7 rats
154 creatures vanquished.

Vanquished Creatures (collateral kills)
  A giant cockroach (D:3)
  A bat (D:3)
2 creatures vanquished.

Vanquished Creatures (others)
  2 gnolls (D:2)
  An adder (D:4)
  2 frilled lizards (D:4)
5 creatures vanquished.

Grand Total: 161 creatures vanquished

Notes
Turn   | Place    | Note
-------+----------+-------------------------------------------
     0 | D:1      | theblackcape the Ghoul Chaos Knight began the quest for the Orb.
     0 | D:1      | Reached XP level 1. HP: 19/19 MP: 0/0
    48 | D:1      | Reached skill level 1 in Dodging
    99 | D:1      | Reached XP level 2. HP: 26/26 MP: 1/1
   106 | D:1      | XOM: harmless Tmut miscast
   246 | D:1      | XOM: 8-stop teleportation journey
   248 | D:1      | XOM: confuse monster(s)
   439 | D:1      | Reached XP level 3. HP: 32/33 MP: 2/2
   874 | D:2      | Noticed Natasha
   876 | D:2      | XOM: noise
   880 | D:2      | Killed Natasha
   880 | D:2      | Reached skill level 4 in Unarmed Combat
   880 | D:2      | Reached XP level 4. HP: 30/40 MP: 3/3
   958 | D:2      | XOM: divine lightning
  1025 | D:1      | XOM: scenery: create altars
  1045 | D:1      | XOM: god gift: purple potion {god gift}
  1127 | D:2      | Noticed Jessica
  1135 | D:2      | XOM: cleaving
  1161 | D:2      | Killed Jessica
  1161 | D:2      | Reached XP level 5. HP: 36/46 MP: 4/4
  1215 | D:2      | XOM: divination: detect items
  1383 | D:2      | XOM: medium Tmut miscast
  1415 | D:2      | Noticed Sigmund
  1421 | D:2      | XOM: noise
  1424 | D:2      | XOM: noise
  1427 | D:2      | Killed Sigmund
  1427 | D:2      | Reached skill level 5 in Unarmed Combat
  1427 | D:2      | Reached XP level 6. HP: 41/52 MP: 5/5
  1562 | D:2      | Found a runed door.
  1602 | D:2      | Found a glowing golden altar of the Shining One.
  1611 | D:2      | Found a blossoming altar of Fedhas.
  1612 | D:2      | Found a shimmering altar of Xom.
  1663 | D:2      | Noticed Natasha
  1674 | D:2      | Killed Natasha
  1704 | D:2      | Noticed Natasha
  1717 | D:2      | Killed Natasha
  1757 | D:2      | XOM: cloud trail
  2005 | D:2      | Noticed Crazy Yiuf
  2011 | D:2      | Killed Crazy Yiuf
  2044 | D:2      | XOM is BORED!
  2044 | D:2      | XOM: mild Conj miscast
  2236 | D:2      | Reached skill level 6 in Unarmed Combat
  2387 | D:2      | XOM: scenery: create altars
  2487 | D:2      | XOM: scenery: create altars
  2519 | D:3      | Learned a level 1 spell: Animate Skeleton
  2700 | D:3      | Noticed Ijyb
  2717 | D:3      | Killed Ijyb
  2717 | D:3      | Reached XP level 7. HP: 59/59 MP: 6/6
  2767 | D:3      | XOM: butterfly on damage
  2914 | D:3      | XOM: god gift: pair of faintly glowing gloves {god gift}
  2915 | D:3      | Got a pair of faintly glowing gloves {god gift}
  2919 | D:3      | XOM: 1-stop teleportation journey
  2921 | D:3      | Identified the +0 pair of gloves "Fadgh" {Dex+3} (Xom gifted it to you on level 3 of the Dungeon)
  3170 | D:3      | XOM: god gift: coiled granite ring {god gift}
  3171 | D:3      | Got a coiled granite ring {god gift}
  3172 | D:3      | Identified the ring of Xom's Regard {Fire +Inv rElec rN+} (Xom gifted it to you on level 3 of the Dungeon)
  3531 | D:4      | XOM: noise
  3547 | D:4      | Found a white marble altar of Elyvilon.
  3611 | D:4      | XOM: silly message
  3612 | D:4      | XOM: mild Ice miscast
  3647 | D:4      | XOM: scenery: create altars
  3705 | D:4      | Found a shattered altar of Ashenzari.
  3705 | D:4      | Found a radiant altar of Vehumet.
  3712 | D:4      | Found a faded altar of an unknown god.
  3714 | D:4      | Found a shadowy altar of Dithmenos.
  3716 | D:4      | Found a faded altar of an unknown god.
  3767 | D:4      | XOM: enchant monster (bad)
  3781 | D:4      | Reached skill level 7 in Unarmed Combat
  3795 | D:4      | Noticed Pikel
  3813 | D:4      | Killed Pikel
  3813 | D:4      | Reached skill level 8 in Unarmed Combat
  3813 | D:4      | Reached skill level 1 in Necromancy
  3813 | D:4      | Reached XP level 8. HP: 31/67 MP: 7/7
  3884 | D:4      | XOM: confusion (+ monsters)
  3908 | D:4      | Reached skill level 5 in Fighting
  4113 | D:5      | Entered Level 5 of the Dungeon
  4229 | D:5      | Found a staircase to the Ecumenical Temple.
  4365 | D:5      | Reached skill level 9 in Unarmed Combat
  4373 | D:5      | Learned a level 1 spell: Pain
  4466 | D:5      | Noticed Ramesses's ghost (amateur MfVM)
  4480 | D:5      | XOM: mild Pois miscast
  4483 | D:5      | Killed Ramesses's ghost
  4515 | D:5      | XOM: god gift: 44 gold pieces
  4528 | D:5      | Found an opulent altar of Gozag.
  4547 | D:5      | Found a sand-covered staircase.
  4567 | Ossuary  | Entered an ossuary
  4773 | Ossuary  | Reached XP level 9. HP: 71/74 MP: 8/8
  4798 | Ossuary  | XOM: enchant monster (bad)
  4953 | D:5      | XOM: harmless Air miscast
  5096 | Temple   | Entered the Ecumenical Temple
  5410 | D:6      | Noticed Grinder
  5427 | D:6      | Killed Grinder
  5427 | D:6      | Reached skill level 10 in Unarmed Combat
  5427 | D:6      | XOM: polymorph hound -> river rat
  5495 | D:6      | Noticed Dowan
  5503 | D:6      | Noticed Duvessa
  5525 | D:6      | Killed Dowan
  5529 | D:6      | Slain by Duvessa

Skill      XL: |  1  2  3  4  5  6  7  8  9 |
---------------+----------------------------+-----
Dodging        | 1 2 3 4 |  4.2
Armour         | 2 3 4 |  4.3
Unarmed Combat | 4 5 6 8 9 10 | 10.2
Fighting       | 4 5 |  5.1
Necromancy     | 1 2 |  2.3
Stealth        | |  0.6

Action                   |  1- 3 |  4- 6 |  7- 9 || total
-------------------------+-------+-------+-------++-------
Melee: Unarmed           |   114 |   169 |   343 ||   626
       Punch             |     1 |     2 |    12 ||    15
       Quarterstaff      |       |    10 |       ||    10
 Cast: Animate Skeleton  |       |     2 |     7 ||     9
  Use: Scroll            |       |     3 |     1 ||     4
 Stab: Distracted        |       |     1 |     1 ||     2
       Sleeping          |       |       |     2 ||     2
  Eat: Chunk             |     8 |    22 |    28 ||    58
       Ration            |       |     3 |       ||     3
Armor: Leather armour    |     8 |       |    85 ||    93
       Ring mail         |    59 |    72 |       ||   131
Dodge: Dodged            |    82 |   120 |   190 ||   392
